 Dungeon Crawl Stone Soup version 0.30.1 (webtiles) character file.

Game seed: 10966606000070779445

2401 cdecastro the Thaumaturge (level 9, -2/68 HPs)
             Began as a Djinni Ice Elementalist on July 11, 2023.
             Slain by a wight
             ... wielding a +0 great sword
              (6 damage)
             ... on level 7 of the Dungeon.
             The game lasted 00:15:37 (6047 turns).

cdecastro the Thaumaturge (Djinni Ice Elementalist) Turns: 6047, Time: 00:15:37

Health: -2/68      AC: 12    Str:  7    XL:     9   Next: 75%
Gold:   369        EV: 11    Int: 21    God:
                   SH:  0    Dex: 14

rFire   + + .        F - +4 whip
rCold   . . .        (no shield)
rNeg    . . .        m - +1 leather armour {rC+}
rPois   ∞            A - +0 helmet
rElec   .            h - +0 cloak
rCorr   .            (no gloves)
SInv    .            (boots unavailable)
Will    .....        (no amulet)
Stlth   ++           (no ring)
HPRegen 0.31/turn    (no ring)
MPRegen 0.00/turn

%: infuse magic (-3 HP)
@: ice-armoured, attractive, flying
A: sickness immunity, fire resistance 2, cold vulnerability 1, float, innate
caster, HP casting, extra vitality 1
a: no special abilities


You were on level 7 of the Dungeon.
You visited 1 branch of the dungeon, and saw 8 of its levels.

You collected 369 gold pieces.

Inventory:

Hand Weapons
 b - a +0 short sword
 F - a +4 whip (weapon)
Missiles
 r - 6 poisoned darts
Armour
 a - a +0 robe
 h - a +0 cloak (worn)
 m - a +1 leather armour of cold resistance (worn)
 A - a +0 helmet (worn)
Wands
 D - a wand of iceblast (9)
 E - a wand of flame (16)
 H - a wand of polymorph (12)
Scrolls
 c - 2 scrolls of enchant weapon {unknown}
 d - 2 scrolls of teleportation {unknown}
 e - 3 scrolls of fog {unknown}
 i - 14 scrolls of identify {unknown}
 j - a scroll of magic mapping {unknown}
 k - 2 scrolls of blinking {unknown}
 q - 2 scrolls of fear {unknown}
 s - 2 scrolls of immolation {unknown}
 t - a scroll of vulnerability {unknown}
 y - a scroll of silence {unknown}
 C - a scroll of brand weapon {unknown}
Potions
 f - 2 potions of attraction
 g - 2 potions of lignification {unknown}
 l - a potion of cancellation {unknown}
 n - 3 potions of brilliance {unknown}
 o - a potion of curing {unknown}
 p - a potion of resistance {unknown}
 u - 3 potions of invisibility {unknown}
 v - a potion of heal wounds {unknown}
 w - 2 potions of mutation {unknown}
 x - a potion of might {unknown}
 z - 2 potions of berserk rage {unknown}
 B - a potion of haste {unknown}
 G - a potion of ambrosia {unknown}


   Skills:
 + Level 7.1 Fighting
 - Level 2.1 Dodging
 - Level 1.5 Stealth
 * Level 8.5 Spellcasting


You knew the following spells:

 Your Spells              Type           Power      Damage    Failure   Level
a - Freeze                Ice            100%       1d10      1%          1
b - Frozen Ramparts       Ice            90%        1d14      1%          3
c - Ozocubu's Armour      Ice            45%        N/A       1%          3
d - Summon Ice Beast      Ice/Summ       45%        N/A       3%          4
e - Necrotise             Necr           100%       1d9       1%          1
f - Scorch                Fire           90%        2d8       1%          2
g - Gell's Gravitas       Tloc           45%        N/A       1%          3
h - Petrify               Tmut/Erth      45%        N/A       3%          4
Your spell library was empty.

Dungeon Overview and Level Annotations

Branches:
Dungeon (8/15)               Lair (0/5) D:8
 Temple: D:4-7

Altars:
Elyvilon
Trog
Wu Jian
Xom

Shops:
D:2 ?

Annotations:
D:3 Sigmund
D:5 1 runed translucent door, SirLogeyBear's ghost, novice HOBe
D:6 not done


Innate Abilities, Weirdness & Mutations

You are immune to sickness and miasma.
You are immune to poison.
Your flesh is very heat resistant. (rF++)
You are vulnerable to cold. (rC-)
You float through the air rather than walking.
You learn spells naturally, not from books.
Your magical power is your life essence.
You have superior vitality. (+4 MHP)


Message History

Confirm with . or Enter, or press ? or * to list all spells.
Flames lash the wight but do no damage.
* * * LOW HITPOINT WARNING * * *
The wight is no longer more vulnerable to fire.
The wight barely misses you. The wight closely misses you.
Your ice beast completely misses the wight.
Casting: Scorch (safe; 1% risk of failure)
Confirm with . or Enter, or press ? or * to list all spells.
Flames lash the wight.
The wight is almost destroyed.
The wight's fire resistance burns away.
* * * LOW HITPOINT WARNING * * *
The wight hits you with a +0 great sword!
* * * LOW HITPOINT WARNING * * *
The wight hits you with a +0 long sword.
* * * LOW HITPOINT WARNING * * *
Your ice beast hits the wight but does no damage.
Casting: Scorch (safe; 1% risk of failure)
Confirm with . or Enter, or press ? or * to list all spells.
Flames lash the wight.
The wight is burned terribly!
You destroy the wight!
* * * LOW HITPOINT WARNING * * *
The wight closely misses you.
The wight hits you with a +0 long sword.
* * * LOW HITPOINT WARNING * * *
Your ice beast closely misses the wight.
Okay, then.
Unknown command.
Unknown command.
Press: ? - help, v - describe, . - travel
Here: a wight, wielding a +0 long sword and wearing a +0 robe (ally target)
The floor.
Unknown command.
Casting: Scorch (safe; 1% risk of failure)
Confirm with . or Enter, or press ? or * to list all spells.
You don't have enough health to cast this spell.
It was a potion of attraction.
You feel attractive to monsters.
The wight hits you with a +0 great sword.
You die...

##
#..##...........##.##
##..................##
#..#............##..#
##..............###..
#..#...........# ##.
###....).........# ##
##.....#÷..........#
##.....##.....>.....#
#.....)@...##########
#...#..zz#...#
..###..Yz#...# .#
#...#'#..# #...#.#..#
#...##.##.# #... #.#
.. #..# #.# #.# ...
#.#


You could see 3 wights and a friendly ice beast (summoned).

Vanquished Creatures
  A two-headed ogre (D:7)
  Eustachio (D:6)
  A wyvern (D:7)
  A water moccasin (D:6)
  Duvessa (D:4)
  2 black bears
  An orc warrior (D:6)
  An ogre (D:5)
  A scorpion (D:7)
  2 wights (D:7)
  Dowan (D:4)
  3 howler monkeys
  5 hounds
  2 jellies
  An orc priest (D:8)
  A sleepcap (D:6)
  4 orc wizards
  A gnoll (D:8)
  10 adders
  An ufetubus (D:4)
  2 worms (D:2)
  A dart slug (D:4)
  16 orcs
  5 ball pythons
  4 endoplasms
  5 giant cockroaches
  13 goblins
  10 hobgoblins
  5 jackals
  8 kobolds
  4 quokkas
  6 bats
  5 frilled lizards
  6 rats
131 creatures vanquished.

Vanquished Creatures (collateral kills)
  A kobold brigand (D:7)
  An endoplasm (D:2)
  A frilled lizard (D:2)
3 creatures vanquished.

Vanquished Creatures (others)
  A bat (D:1)
  A frilled lizard (D:1)
  A rat (D:1)
3 creatures vanquished.

Grand Total: 137 creatures vanquished

Notes
Turn   | Place    | Note
-------+----------+-------------------------------------------
     0 | D:1      | cdecastro the Djinni Ice Elementalist began the quest for
                  | the Orb.
     0 | D:1      | cdecastro set off with the following spells memorised:
                  | Freeze, Frozen Ramparts, Ozocubu's Armour, Summon Ice
                  | Beast.
     0 | D:1      | Reached XP level 1. HP: 15/15 MP: 0/0
   113 | D:1      | Reached XP level 2. HP: 21/22 MP: 0/0
   614 | D:1      | Reached skill level 1 in Fighting
   689 | D:1      | Reached XP level 3. HP: 22/27 MP: 0/0
   689 | D:1      | Learned a level 1 spell: Necrotise
  1426 | D:2      | Reached XP level 4. HP: 32/32 MP: 0/0
  1566 | D:2      | Reached skill level 4 in Spellcasting
  1850 | D:2      | Found The Oracle's Delphic Readings.
  2757 | D:3      | Found a bloodstained altar of Trog.
  2758 | D:3      | Found a shimmering altar of Xom.
  2758 | D:3      | Found a white marble altar of Elyvilon.
  2760 | D:3      | Noticed Sigmund
  2933 | D:4      | Noticed an ogre
  2947 | D:4      | Reached XP level 5. HP: 33/38 MP: 0/0
  2947 | D:4      | Learned a level 2 spell: Scorch
  3097 | D:4      | Noticed Dowan
  3151 | D:4      | Killed Dowan
  3185 | D:4      | Noticed Duvessa
  3195 | D:4      | Killed Duvessa
  3196 | D:4      | Reached skill level 5 in Spellcasting
  3196 | D:4      | Reached XP level 6. HP: 3/46 MP: 0/0
  3536 | D:4      | Found an ornate altar of the Wu Jian Council.
  3964 | D:5      | Entered Level 5 of the Dungeon
  4010 | D:5      | Noticed a black bear
  4030 | D:5      | Killed a black bear
  4031 | D:5      | Reached XP level 7. HP: 39/51 MP: 0/0
  4031 | D:5      | Learned a level 3 spell: Gell's Gravitas
  4322 | D:5      | Found a runed translucent door.
  4327 | D:5      | Noticed SirLogeyBear's ghost (novice HOBe)
  4853 | D:6      | Noticed a water moccasin
  4860 | D:6      | Reached skill level 6 in Spellcasting
  4861 | D:6      | Killed a water moccasin
  4862 | D:6      | Reached XP level 8. HP: 41/58 MP: 0/0
  5035 | D:6      | Noticed Eustachio
  5068 | D:6      | Killed Eustachio
  5069 | D:6      | Reached skill level 5 in Fighting
  5302 | D:6      | Reached skill level 7 in Spellcasting
  5464 | D:6      | You are sucked into a shaft and drop 2 floors!
  5468 | D:8      | Noticed a yak
  5468 | D:8      | Noticed a yak
  5525 | D:8      | Found a staircase to the Lair.
  5658 | D:8      | Reached XP level 9. HP: 64/66 MP: 0/0
  5658 | D:8      | Learned a level 4 spell: Petrify
  5820 | D:7      | Noticed a two-headed ogre
  5848 | D:7      | Killed a two-headed ogre
  5849 | D:7      | Reached skill level 8 in Spellcasting
  6046 | D:7      | HP: 3/68 [wight/+0 long sword (6)]
  6047 | D:7      | Slain by a wight

Illustrated notes

Levels and vault maps discovered:
D:1:      kennysheep_arrival_seaside, layout_basic, hex_medium,
          lemuel_flame_loot_1
D:2:      kb_forest_paths, layout_basic, nicolae_nh_oracle_at_delphi
D:3:      layout_loops_corners, chequers_temple_overflow_statue_of_worship,
          kennysheep_generic_room_9, uniq_crazy_yiuf_cottage, uniq_sigmund
D:4:      layout_gridville, nicolae_overflow_squiral, minmay_ogre_servants,
          uniq_duvessa
D:5:      layout_loops_ring, ebering_ghost_reflecting_pool,
          dreamdust_princess_corridor
D:6:      layout_loops_ring, nicolae_overflow_hidden_temple, ebering_ghost_xom,
          serial_glass, glass_columns_c, glass_columns_b, glass_columns_c,
          glass_columns_b, glass_columns_b, glass_columns_b, st_stairs_4,
          uniq_eustachio
D:7:      minmay_the_grid_four_pointed_star [minmay_the_grid_triangle_9x9_sprig,
          minmay_the_grid_triangle_9x9_sparse_checkered,
          minmay_the_grid_triangle_9x9_thin_v,
          minmay_the_grid_triangle_9x9_zippers_horizontal,
          minmay_the_grid_prize_trominoes], layout_cave_pods,
          minmay_temple_entry_stoned_glass, enter_bailey_8
D:8:      layout_rooms, lair_entry_dummy

Skill      XL: |  1  2  3  4  5  6  7  8  9 |
---------------+----------------------------+-----
Fighting       | 1 2 3 4 5 7 |  7.1
Spellcasting   | 4 5 6 7 8 |  8.5
Dodging        | |  2.1
Stealth        | |  1.5

Action                     |  1- 3 |  4- 6 |  7- 9 || total
---------------------------+-------+-------+-------++-------
  Melee: Short sword       |    10 |    16 |    11 ||    37
         Whip              |       |       |     7 ||     7
   Cast: Freeze            |    44 |    52 |       ||    96
         Necrotise         |     9 |    14 |       ||    23
         Scorch            |       |    16 |    60 ||    76
         Frozen Ramparts   |       |     2 |    14 ||    16
         Ozocubu's Armour  |       |     2 |     7 ||     9
         Summon Ice Beast  |       |       |     1 ||     1
    Use: Potion            |       |       |     1 ||     1
   Stab: Sleeping          |       |     3 |       ||     3
 Armour: Robe              |    15 |     1 |       ||    16
         Leather armour    |       |    23 |    20 ||    43
  Dodge: Dodged            |    31 |    35 |    37 ||   103
